 Dungeon Crawl Stone Soup version 0.31-a0-728-g01b46875f1 (webtiles) character file.

Game seed: 17355945613744118476

6780 demibob the Basher (level 10, -2/75 (81) HPs)
             Began as a Minotaur Chaos Knight on Sept 12, 2023.
             Was a Plaything of Xom.
             Slain by Urug
             ... wielding a +0 eveningstar of draining
              (14 damage)
             ... on level 10 of the Dungeon.
             The game lasted 00:18:55 (7772 turns).

demibob the Basher (Minotaur Chaos Knight)          Turns: 7772, Time: 00:18:58

HP:   -2/75 (81)    AC: 12    Str: 21    XL:     10   Next: 76%
MP:   0/9           EV: 13    Int:  9    God:    Xom [.*....]
Gold: 480           SH:  0    Dex: 16    Spells: 9/9 levels left

rFire   . . .        a - +2 dire flail (protect)
rCold   + . .        (shield currently unavailable)
rNeg    . . .        u - +1 scale mail
rPois   .            (helmet unavailable)
rElec   .            l - +0 cloak
rCorr   .            (no gloves)
SInv    .            o - +0 pair of boots
Will    .....        m - amulet of Ytifalix {Acrobat Dex+6} Stlth
                     C - ring of protection from cold
HPRegen 0.32/turn    (no ring)
MPRegen 0.11/turn

%: acrobat
@: mighty, hasted, drained, very quick
A: horns 3, retaliatory headbutt, hooves 1, frail 1, MP-powered wands
a: Renounce Religion


You were on level 10 of the Dungeon.
You worshipped Xom.
You were a plaything of Xom.
You visited 1 branch of the dungeon, and saw 10 of its levels.

You collected 480 gold pieces.


Innate Abilities, Weirdness & Mutations

You have a pair of large horns on your head.
You reflexively headbutt those who attack you in melee.
You have large cloven feet.
You are frail. (-10% HP)
You expend magic power (3 MP) to strengthen your wands.


   Skills:
 + Level 9.1 Fighting
 - Level 14.0 Maces & Flails
 + Level 9.7 Armour
 - Level 6.4 Dodging


You had 9 spell levels left.
You didn't know any spells.
Your spell library contained the following spells:

 Spells                   Type           Power      Damage    Failure   Level
 Apportation              Tloc           0%         N/A       67%         1
 Necrotise                Necr           0%         1d4       67%         1
 Slow                     Hex            0%         N/A       67%         1
 Summon Small Mammal      Summ           0%         N/A       67%         1
 Confusing Touch          Hex            0%         N/A       95%         3
 Inner Flame              Hex/Fire       0%         N/A       95%         3
 Sigil of Binding         Hex            0%         N/A       95%         3
 Tukima's Dance           Hex            0%         N/A       95%         3
 Vampiric Draining        Necr           0%         2d6       95%         3
 Dimensional Bullseye     Hex/Tloc       0%         N/A       100%        4
 Flame Wave               Conj/Fire      0%         2d4       100%        4
 Iskenderun's Mystic Bla  Conj/Tloc      0%         2d3       100%        4
 Sticky Flame             Conj/Fire      0%         2d3       100%        4
 Agony                    Necr           0%         N/A       100%        5

Inventory:

Hand Weapons
 a - a +2 dire flail of protection (weapon)
 t - a +1 mace of chaos
Missiles
 d - a throwing net {=f}
 s - 7 atropa-tipped darts
Armour
 g - the scarf of Wucim {repulsion, Drain +Inv rC- SInv}
   (You found it on level 8 of the Dungeon)

   rC-:       It makes you vulnerable to cold.
   SInv:      It lets you see invisible.
   +Inv:      It lets you turn invisible.
   Drain:     It drains your maximum health when unequipped.
 l - a +0 cloak (worn)
 o - a +0 pair of boots (worn)
 u - a +1 scale mail (worn)
Jewellery
 f - a ring of fire
 i - an amulet of reflection
 k - an amulet of faith {!P}
 m - the amulet of Ytifalix (around neck) {Acrobat Dex+6}
   (Xom gifted it to you on level 4 of the Dungeon)

   [amulet of the acrobat]

   Acrobat:   It increases your evasion while moving and waiting.
   Dex+6:     It affects your dexterity (+6).
 C - a ring of protection from cold (left hand)
 F - a ring of fire
Wands
 v - a wand of light (1)
 x - a wand of paralysis (11)
 y - a wand of flame (20)
Scrolls
 h - 2 scrolls of poison
 j - 2 scrolls of vulnerability
 n - a scroll of immolation
 p - 5 scrolls of enchant weapon
 q - 3 scrolls of revelation
 r - 2 scrolls of identify {@r1}
 A - a scroll of enchant armour
 B - a scroll of torment
 D - 2 scrolls of teleportation {@r2}
 G - a scroll of fog
Potions
 b - 2 potions of enlightenment
 e - 2 potions of resistance

Dungeon Overview and Level Annotations

Branches:
Dungeon (10/15)            Temple (0/1) D:6            Lair (0/5) D:8
    Orc: D:9-12

Altars:
Cheibriados
Hepliaklqana
Kikubaaqudgha
Nemelex Xobeh
Okawaru
Trog

Shops:
D:2 :   D:9 *[?[

Annotations:
D:10 Urug

*,,,* *
*********,,,*********************
,,,,,,,,,,,,,,,,,,,,,,,,,,,,,,,,,
,,,,,,..,...............,,,,,,,,,
******#.............<...,,,,,,,,,
#...##############,********
**#...#############.,,*
**,#.#.#.#b#.#.#.#.#.*,*
*,,......bb..@o......,,*
*#.#.#.#b#b#b#b#.#.#.#**
*....:....bbb<†..!....*
*#.#.#.#.#.#.#.#.#.#.#*
*******)..##########..##*********
,,,,,...,..............o,,,,,,,,,
,,,,...,,................,,,,,,,,
****##***################********
###############


You could see Urug (blind, ally target).


Message History

You kill your butterfly!
Your butterfly disappears in a burst of colours!
The bolt of light hits Urug!
Urug is almost dead.
The bolt of light hits your butterfly!
You kill your butterfly!
Your butterfly disappears in a burst of colours!
Aiming: Bolt of Light
Press: ? - help, Shift-Dir - straight line, f/p - Urug
Aim: Urug, wielding a +0 eveningstar of draining, wearing a +0 ring mail and quivering javelins (almost dead, blind, ally target, 64% to hit)
The bolt of light hits your butterfly!
You kill your butterfly!
Your butterfly disappears in a burst of colours!
The bolt of light hits Urug!
Urug is almost dead.
Unknown command.
Aiming: Bolt of Light
Press: ? - help, Shift-Dir - straight line, f/p - Urug
Aim: Urug, wielding a +0 eveningstar of draining, wearing a +0 ring mail and quivering javelins (almost dead, blind, ally target, 64% to hit)
The bolt of light hits your butterfly!
You kill your butterfly!
Your butterfly disappears in a burst of colours!
The bolt of light hits Urug but does no damage.
Urug is almost dead.
You barely miss Urug.
Urug is almost dead.
Urug hits you with a +0 eveningstar of draining!
You die...
Urug says, "One more harpy dead." "What!?
That's it?"

Skill      XL: |  1  2  3  4  5  6  7  8  9 10 |
---------------+-------------------------------+-----
Maces & Flails | 4 5 6 7 8 10 12 13 14 | 14.0
Armour         | 3 4 6 9 |  9.7
Dodging        | 2 4 6 |  6.4
Fighting       | 6 9 |  9.1

Action                     |  1- 3 |  4- 6 |  7- 9 | 10-12 || total
---------------------------+-------+-------+-------+-------++-------
  Melee: Mace              |    73 |   115 |    41 |       ||   229
         Headbutt          |    10 |    13 |    58 |    26 ||   107
         Kick              |       |    23 |       |       ||    23
         Dire flail        |       |       |   201 |   122 ||   323
  Evoke: Wand              |       |       |     1 |     7 ||     8
    Use: Scroll            |     5 |     6 |     5 |     4 ||    20
         Potion            |       |     2 |     2 |     4 ||     8
   Stab: Distracted        |     1 |     1 |       |       ||     2
         Invisible         |       |       |     1 |       ||     1
         Paralysed         |       |       |       |     1 ||     1
 Armour: Leather armour    |    37 |       |       |       ||    37
         Scale mail        |     6 |    86 |   125 |    62 ||   279
  Dodge: Dodged            |    44 |    66 |   131 |    59 ||   300
  Block: Other             |     5 |    16 |       |       ||    21

Levels and vault maps discovered:
D:1:      psy_arrival_basics, layout_basic, chequers_ecumenical_altar_simple,
          serial_bayou_pond_e
D:2:      layout_basic, serial_shops, nicolae_shop_back_alley_shop,
          minmay_strange_pillars, uniq_terence
D:3:      layout_rooms
D:4:      layout_basic, worldfamousw_hep_ancestral_shrine, hex_large
D:5:      layout_gridville, cheibriados_altar_2, lemuel_tele_altar,
          uniq_grinder, uniq_edmund
D:6:      layout_loops_ring, nemelex_diamond_rough_becter,
          minmay_temple_entry_drinking_statues, st_stairs_4, minivault_19,
          roderic_lattice_a, uniq_maggie
D:7:      layout_basic
D:8:      layout_cave_pools, david_lair_generic, uniq_joseph
D:9:      layout_cave_pools, grunt_temple_overflow_open,
          minmay_shop_grid_forest, nrook_campfire, uniq_jeremiah
D:10:     layout_long_grid, enter_bailey_6, serial_shops,
          nicolae_shop_tiny_real_fake_doors, shop, shop, st_stairs_13,
          dreamdust_gnoll_shepherd, uniq_urug

Notes
Turn   | Place    | Note
-------+----------+-------------------------------------------
     0 | D:1      | demibob the Minotaur Chaos Knight began the quest for the
                  | Orb.
     0 | D:1      | Reached XP level 1. HP: 19/19 MP: 0/0
    33 | D:1      | Reached skill level 4 in Maces & Flails
    59 | D:1      | Reached XP level 2. HP: 26/26 MP: 1/1
    70 | D:1      | XOM: divination: magic mapping
   176 | D:1      | Found a faded altar of an unknown god.
   203 | D:1      | Reached skill level 5 in Maces & Flails
   368 | D:1      | Reached XP level 3. HP: 25/31 MP: 2/2
   543 | D:1      | XOM: silly message
  1233 | D:2      | XOM: silly message
  1242 | D:2      | Reached skill level 6 in Maces & Flails
  1242 | D:2      | Reached XP level 4. HP: 14/39 MP: 3/3
  1368 | D:2      | Reached skill level 3 in Armour
  1465 | D:2      | XOM: give mutations
  1465 | D:2      | Gained mutation: You expend magic power (3 MP) to
                  | strengthen your wands. [Xom's mischief]
  1465 | D:2      | Gained mutation: You have large cloven feet. [Xom's
                  | mischief]
  1465 | D:2      | Gained mutation: You are frail. (-10% HP) [Xom's mischief]
  1465 | D:2      | Gained mutation: You have a pair of large horns on your
                  | head. [Xom's mischief]
  1725 | D:2      | Noticed Terence
  1733 | D:2      | Killed Terence
  1768 | D:2      | Found Zubobit's Book Emporium.
  1892 | D:2      | XOM: silly message
  1914 | D:3      | XOM: silly message
  1919 | D:3      | Reached XP level 5. HP: 33/40 MP: 4/4
  1992 | D:3      | XOM: divination: magic mapping
  1995 | D:3      | XOM: silly message
  2071 | D:3      | XOM: silly message
  2263 | D:3      | XOM: cloud trail
  2335 | D:4      | Reached skill level 7 in Maces & Flails
  2339 | D:4      | Reached skill level 4 in Armour
  2490 | D:4      | Noticed a phantom
  2494 | D:4      | XOM: silly message
  2504 | D:4      | XOM: potion effect (brilliance)
  2506 | D:4      | Killed a phantom
  2507 | D:4      | Reached XP level 6. HP: 44/45 MP: 5/5
  2609 | D:4      | Identified the amulet of Ytifalix {Acrobat Dex+6} (Xom
                  | gifted it to you on level 4 of the Dungeon)
  2609 | D:4      | XOM: god gift: amulet of Ytifalix {Acrobat Dex+6}
  2742 | D:4      | Found a hazy altar of Hepliaklqana.
  2901 | D:4      | Reached skill level 8 in Maces & Flails
  3345 | D:5      | Entered Level 5 of the Dungeon
  3366 | D:5      | XOM: cloud trail
  3371 | D:5      | XOM: destruction
  3380 | D:5      | XOM: summons friendly white imp
  3381 | D:5      | Reached skill level 2 in Dodging
  3389 | D:5      | Reached XP level 7. HP: 38/51 MP: 6/6
  3495 | D:5      | Reached skill level 9 in Maces & Flails
  3495 | D:5      | Reached skill level 3 in Dodging
  3496 | D:5      | Noticed Grinder
  3506 | D:5      | Killed Grinder
  3509 | D:5      | Found a snail-covered altar of Cheibriados.
  3688 | D:5      | XOM: silly message
  3700 | D:5      | XOM: god gift: 2 atropa-tipped darts
  3834 | D:5      | Noticed Edmund
  3862 | D:5      | Killed Edmund
  3863 | D:5      | Reached skill level 10 in Maces & Flails
  3863 | D:5      | Reached skill level 4 in Dodging
  3863 | D:5      | Reached XP level 8. HP: 32/57 MP: 7/7
  4362 | D:5      | Found an ancient bone altar of Kikubaaqudgha.
  4386 | D:5      | XOM: silly message
  4420 | D:6      | Reached skill level 11 in Maces & Flails
  4420 | D:6      | Reached skill level 5 in Dodging
  4477 | D:6      | Found a sparkling altar of Nemelex Xobeh.
  4533 | D:6      | XOM: chaos upgrade
  4946 | D:6      | Reached skill level 6 in Dodging
  5019 | D:6      | Noticed Maggie
  5034 | D:6      | Killed Maggie
  5035 | D:6      | Reached skill level 12 in Maces & Flails
  5035 | D:6      | Reached XP level 9. HP: 39/63 MP: 8/8
  5051 | D:6      | Reached skill level 4 in Fighting
  5174 | D:6      | Found a staircase to the Ecumenical Temple.
  5539 | D:7      | XOM: silly message
  5605 | D:7      | XOM: potion effect (invisibility)
  5622 | D:7      | Reached skill level 5 in Armour
  5674 | D:7      | Identified 2 potions of resistance
  6022 | D:7      | XOM: silly message
  6048 | D:8      | XOM: noise
  6066 | D:8      | Reached skill level 13 in Maces & Flails
  6089 | D:7      | Reached skill level 5 in Fighting
  6284 | D:8      | Identified the scarf of Wucim {repulsion, Drain +Inv rC-
                  | SInv}
  6370 | D:8      | XOM: 2-stop teleportation journey
  6376 | D:8      | Noticed Joseph
  6377 | D:8      | XOM: cast spell 'Summon Cactus Giant'
  6383 | D:8      | Reached skill level 6 in Armour
  6394 | D:8      | Killed Joseph
  6523 | D:8      | XOM: 2-stop teleportation journey
  6607 | D:8      | Noticed an elephant
  6608 | D:8      | Found a staircase to the Lair.
  6612 | D:8      | XOM: destruction
  6620 | D:8      | Reached skill level 6 in Fighting
  6620 | D:8      | Reached XP level 10. HP: 74/74 MP: 5/9
  6620 | D:8      | XOM: enchant monster (bad)
  6655 | D:8      | XOM: summons 6 hostile demons
  6657 | D:8      | Killed an elephant
  6658 | D:8      | Reached skill level 14 in Maces & Flails
  6658 | D:8      | Reached skill level 7 in Armour
  7027 | D:9      | Found a bloodstained altar of Trog.
  7040 | D:9      | Found an iron altar of Okawaru.
  7044 | D:9      | Noticed Jeremiah
  7048 | D:9      | XOM: confusion (+ monsters)
  7053 | D:9      | XOM: noise
  7069 | D:9      | Reached skill level 7 in Fighting
  7071 | D:9      | XOM: noise
  7075 | D:9      | XOM: enchant monster (good)
  7080 | D:9      | Killed Jeremiah
  7081 | D:9      | Reached skill level 8 in Armour
  7210 | D:9      | Found Nusoxtum's Armour Boutique.
  7211 | D:9      | Found Erghaisaint's General Store.
  7212 | D:9      | Found Datsigae's Antique Armour Boutique.
  7213 | D:9      | Found Niohymo's Magic Scroll Boutique.
  7246 | D:9      | XOM: summons friendly crimson imp
  7318 | D:9      | Paralysed by a hornet for 1 turns
  7323 | D:9      | Reached skill level 8 in Fighting
  7445 | D:9      | XOM: enchant monster (bad)
  7459 | D:9      | XOM: swap monsters
  7688 | D:10     | Entered Level 10 of the Dungeon
  7693 | D:10     | Noticed a green ugly thing
  7701 | D:10     | Killed a green ugly thing
  7702 | D:10     | Reached skill level 9 in Armour
  7709 | D:10     | Reached skill level 9 in Fighting
  7743 | D:10     | Noticed Urug
  7755 | D:10     | XOM: noise
  7772 | D:10     | Slain by Urug

Vanquished Creatures
  An ugly thing (D:10)
  An elephant (D:8)
  Joseph (D:8)
  Jeremiah (D:9)
  Maggie (D:6)
  A kobold demonologist (D:9)
  A troll (D:10)
  2 hornets
  Grinder (D:5)
  A shadow (D:9)
  A yak (D:8)
  Edmund (D:5)
  An acid dragon (D:9)
  3 water moccasins
  2 orc warriors
  2 sky beasts
  3 black bears
  2 ogres
  4 centaurs
  A phantom (D:4)
  A kobold brigand (D:9)
  A gnoll sergeant (D:8)
  2 scorpions
  A bullfrog (D:6)
  9 wights
  4 howler monkeys
  3 orc priests
  3 jellies
  A sleepcap (D:5)
  6 iguanas
  Terence (D:2)
  13 orc wizards
  14 gnolls
  7 adders
  A white imp (D:5)
  2 ufetubi
  3 worms
  3 dart slugs
  33 orcs
  3 ball pythons
  7 bats
  4 endoplasms
  5 giant cockroaches
  6 goblins
  9 hobgoblins
  5 quokkas
  3 frilled lizards (D:1)
  12 kobolds
  2 rats
195 creatures vanquished.

Vanquished Creatures (collateral kills)
  An orc warrior (D:8)
  A scorpion (D:5)
2 creatures vanquished.

Vanquished Creatures (others)
  2 orcs (D:5)
  A rat zombie (D:3)
3 creatures vanquished.

Grand Total: 200 creatures vanquished

Table legend: (Time is in decaauts)
 A = Elapsed time spent in this place.
 B = Non-inter-level travel time spent in this place.
 C = Inter-level travel time spent in this place.
 D = Time resting spent in this place.
 E = Time spent auto-exploring this place.
 F = Levels seen in this place.
 G = Mean time per level.
                   A        B        C        D        E       F      G
               +--------+--------+--------+--------+--------+-----+--------+
         Total |   7675 |   7437 |    238 |    369 |   5893 |  10 |  767.5 |
       Dungeon |   7675 |   7437 |    238 |    369 |   5893 |  10 |  767.5 |
               +--------+--------+--------+--------+--------+-----+--------+

Top non-repeatable levels by time:
     D:2: 1139 daAuts
     D:5: 1043 daAuts
     D:4: 1041 daAuts
     D:6: 916 daAuts
     D:7: 865 daAuts
     D:1: 765 daAuts
     D:8: 707 daAuts
     D:9: 702 daAuts
     D:3: 412 daAuts
    D:10: 81 daAuts

Table legend:
 A = Non-vault XP
 B = Vault XP
 C = Vault XP percentage of total XP
 D = Non-vault monster count
 E = Vault monster count
 F = Vault count percentage of total count
                 A         B        C        D         E       F
            +---------+---------+-------+---------+---------+-------
      Total |    6356 |    3330 |  34.4 |     183 |      14 |   7.1
            +---------+---------+-------+---------+---------+-------
        D:1 |      44 |       0 |   0.0 |      26 |       0 |   0.0
        D:2 |      95 |      36 |  27.5 |      16 |       1 |   5.9
        D:3 |     105 |       0 |   0.0 |      18 |       0 |   0.0
        D:4 |     343 |       0 |   0.0 |      23 |       0 |   0.0
        D:5 |     774 |     415 |  34.9 |      14 |       2 |  12.5
        D:6 |     952 |     536 |  36.0 |      24 |       3 |  11.1
        D:7 |     564 |       0 |   0.0 |      16 |       0 |   0.0
        D:8 |    1155 |    1314 |  53.2 |      21 |       5 |  19.2
        D:9 |    1594 |     436 |  21.5 |      21 |       1 |   4.5
       D:10 |     730 |     593 |  44.8 |       4 |       2 |  33.3
            +---------+---------+-------+---------+---------+-------
